[Event "Titled Tuesday Blitz May 10 Early 2022"]
[White "Zhao, Jun"]
[Black "Aldokhin, Ivan"]
[WhiteFideId "8602522"]
[BlackFideId "24115720"]
[WhiteElo "2547"]
[BlackElo "2231"]
[Result "1-0"]
[Round "08"]
[TimeControl "180+1"]
[Date "2022.05.10"]
[WhiteClock "0:00:10"]
[BlackClock "0:00:01"]

1. e4 c5 2. Nf3 e6 3. c3 Nf6 4. e5 Nd5 5. d4 cxd4 6. cxd4 d6 7. a3 Nc6 8. Bd3 g6 9. O-O Bg7 10. Qe2 O-O 11. Rd1 Qb6 12. Bc4 Na5 13. Bxd5 exd5 14. Nc3 Be6 15. Bf4 Nb3 16. Rab1 Rfe8 17. h3 Rad8 18. Bg5 Rc8 19. Re1 Nxd4 20. Nxd4 Qxd4 21. exd6 h6 22. Be7 Bf6 23. Nb5 Qh4 24. g3 Qg5 25. h4 Qf5 26. Nc7 Bxe7 27. Nxe8 Rc2 28. Qe3 Bf8 29. Rbc1 1-0


[Site "https://www.chess.com"]

[Event "Titled Tuesday Blitz May 10 Early 2022"]
[White "Zherebtsova, Alexandra"]
[Black "Tanenbaum, Zachary"]
[WhiteFideId "24129518"]
[BlackFideId "2060850"]
[WhiteElo "2025"]
[BlackElo "2168"]
[Result "0-1"]
[Round "08"]
[TimeControl "180+1"]
[Date "2022.05.11"]
[WhiteClock "0:00:07"]
[BlackClock "0:00:15"]

1. d4 d5 2. Nf3 Bf5 3. c4 e6 4. Nc3 c6 5. Nd2 Nf6 6. f3 Bg6 7. a3 c5 8. dxc5 Bxc5 9. cxd5 exd5 10. Qa4+ Nc6 11. Nb3 Bb6 12. Bg5 O-O 13. O-O-O h6 14. Bf4 Qe8 15. e4 dxe4 16. Bb5 Nh5 17. Bd6 Be3+ 18. Nd2 exf3 19. gxf3 Rc8 20. Bxf8 Nd4 21. Rhe1 Nxb5 22. Bb4 Bxd2+ 23. Kxd2 Qd7+ 24. Kc1 Nd4 25. Ba5 Qxa4 0-1


[Site "https://www.chess.com"]

[Event "Titled Tuesday Blitz May 10 Early 2022"]
[White "Zhigalko, Sergei"]
[Black "FGHSMN"]
[WhiteFideId "13502956"]
[WhiteElo "2662"]
[BlackElo "2768"]
[Result "1-0"]
[Round "08"]
[TimeControl "180+1"]
[Date "2022.05.10"]
[WhiteClock "0:00:13"]
[BlackClock "0:00:19"]

1. e4 c5 2. Nf3 e6 3. c3 Nf6 4. e5 Nd5 5. Bc4 Nb6 6. Bb3 Nc6 7. d4 cxd4 8. cxd4 d6 9. exd6 Bxd6 10. O-O O-O 11. Nc3 Ne7 12. Re1 Bd7 13. Ne5 Bc6 14. Qh5 Ng6 15. Bc2 Rc8 16. Re3 Bxe5 17. dxe5 Bxg2 18. Rg3 Nd5 19. Rxg2 Nxc3 20. bxc3 Rxc3 21. Bxg6 hxg6 22. Qe2 Qd5 23. Rg3 Rfc8 24. Rxc3 Rxc3 25. Bf4 Rd3 26. Re1 Rd4 27. Qe3 g5 28. Bg3 g4 29. a3 a6 30. Qg5 Rd1 31. Qe3 Rd3 32. Qg5 Rd1 33. Qe3 Rd3 34. Qe2 Rd4 35. Rb1 b5 36. Qe1 a5 37. Qxa5 Rd1+ 38. Rxd1 Qxd1+ 39. Kg2 Qf3+ 40. Kf1 Qd1+ 41. Qe1 Qd3+ 42. Qe2 Qxa3 43. Qxb5 Qa1+ 44. Kg2 Qa8+ 45. Kf1 Qh1+ 46. Ke2 Qe4+ 47. Kd2 Qd4+ 48. Qd3 Qb2+ 49. Qc2 Qd4+ 50. Qd3 Qb2+ 51. Qc2 Qd4+ 52. Ke2 Qd5 53. Qd3 Qa2+ 54. Ke3 Qa4 55. Qd8+ Kh7 56. Qd4 Qa3+ 57. Qd3+ Qxd3+ 58. Kxd3 Kg6 59. Ke4 Kg5 60. Ke3 Kf5 61. Kd4 Kg5 62. Ke4 g6 63. Ke3 Kf5 64. Kd4 Kg5 65. Ke4 Kh6 66. Ke3 Kg5 67. Ke4 Kh6 68. Bh4 g5 69. Bg3 Kg6 70. Ke3 Kf5 71. Kd4 Kg6 72. Kc5 Kf5 73. Kd6 f6 74. exf6 Kxf6 75. Kd7 e5 76. Kd6 Kf5 77. Kd5 e4 78. Kd4 Kf6 79. Kxe4 Ke6 80. Kd4 Kf5 81. Kd5 Kf6 82. Kd6 Kf5 83. Ke7 Kg6 84. Ke6 Kh5 85. Kf5 Kh6 86. Kxg4 Kg6 87. f3 Kh6 88. Bf2 Kg6 89. Be3 Kh6 90. Bxg5+ Kg6 91. f4 1-0


[Site "https://www.chess.com"]

[Event "Titled Tuesday Blitz May 10 Early 2022"]
[White "parintele_chess"]
[Black "Buscar, Michael"]
[BlackFideId "2603616"]
[WhiteElo "2230"]
[BlackElo "2010"]
[Result "0-1"]
[Round "08"]
[TimeControl "180+1"]
[Date "2022.05.11"]
[WhiteClock "0:01:41"]
[BlackClock "0:01:31"]

1. d4 Nf6 2. Bf4 g6 3. Nc3 Bg7 4. e4 d6 5. Nf3 O-O 6. Bd3 Nbd7 7. O-O c5 8. Be3 cxd4 9. Bxd4 b6 10. e5 dxe5 11. Nxe5 Bb7 12. Re1 Nc5 13. Bxc5 bxc5 14. Bc4 Qd4 15. Nb5 Qh4 16. Nxf7 Qxc4 0-1


[Site "https://www.chess.com"]

[Event "Titled Tuesday Blitz May 10 Early 2022"]
[White "talman67"]
[Black "Xu, Yi"]
[BlackFideId "8605564"]
[WhiteElo "2364"]
[BlackElo "2471"]
[Result "0-1"]
[Round "08"]
[TimeControl "180+1"]
[Date "2022.05.11"]
[WhiteClock "0:00:04"]
[BlackClock "0:01:02"]

1. e4 c6 2. d4 d5 3. e5 c5 4. dxc5 e6 5. Nf3 Bxc5 6. Bd3 Ne7 7. a3 Ng6 8. b4 Be7 9. Bb2 Nd7 10. O-O Nf4 11. Re1 Nxd3 12. cxd3 a5 13. b5 a4 14. Nc3 Nc5 15. Nd4 O-O 16. Re3 f6 17. f4 fxe5 18. fxe5 Qb6 19. Rh3 Nb3 20. Ne2 Bc5 21. Rh4 Nxa1 22. Qxa1 Qxb5 23. h3 Qxd3 24. Kh2 Bd7 25. Qe1 Bxa3 26. Bxa3 Qxa3 27. Qb1 g6 28. Qxb7 Qe7 29. Rg4 a3 30. Nc6 Qg7 31. Nb4 a2 32. Nxa2 Rxa2 33. Nf4 Qxe5 34. Qxd7 Rxf4 0-1


[Site "https://www.chess.com"]

[Event "Titled Tuesday Blitz May 10 Early 2022"]
[White "Agasarov, Benik"]
[Black "Mikhalsky, Vladimir"]
[WhiteFideId "13314823"]
[BlackFideId "14144352"]
[WhiteElo "2574"]
[BlackElo "2301"]
[Result "0-1"]
[Round "09"]
[TimeControl "180+1"]
[Date "2022.05.11"]
[WhiteClock "0:00:11"]
[BlackClock "0:00:24"]

1. c4 c5 2. Nf3 Nf6 3. Nc3 d5 4. cxd5 Nxd5 5. g3 Nc6 6. Bg2 Nc7 7. O-O e5 8. d3 Be7 9. Be3 O-O 10. Rc1 b6 11. a3 Bd7 12. h4 f6 13. h5 Rc8 14. h6 g5 15. Nd2 Nd4 16. Bxd4 exd4 17. Nd5 Nxd5 18. Bxd5+ Kh8 19. Bg2 f5 20. Nc4 Rf6 21. b4 Rxh6 22. Ne5 Qe8 23. e4 Bd6 24. Nxd7 Qxd7 25. bxc5 bxc5 26. exf5 Qxf5 27. Qf3 Qxf3 28. Bxf3 c4 29. Rxc4 Rxc4 30. dxc4 Bxa3 31. Ra1 Bc5 32. Ra5 Bb6 33. Rxg5 d3 34. Rd5 Rc6 35. Rxd3 Rxc4 36. Bd5 Rc2 37. Rf3 Rd2 38. Bc4 a5 39. Rf6 Bd4 40. Rf8+ Kg7 41. Rf7+ Kg6 42. Rf3 a4 43. Rd3 Bxf2+ 44. Kg2 Rc2 45. Rd6+ Kg5 46. Rd5+ Kf6 47. Rf5+ Kxf5 48. Bd3+ Ke5 49. Bxc2 a3 50. Bb3 Be3 51. Kf3 Bc1 52. Kg4 Kd4 53. Kh5 Kc3 54. Bg8 h6 55. Kg4 Kb2 56. Kh5 a2 57. g4 a1=Q 0-1


[Site "https://www.chess.com"]

[Event "Titled Tuesday Blitz May 10 Early 2022"]
[White "Aldokhin, Ivan"]
[Black "D`Arruda, Ricardo D."]
[WhiteFideId "24115720"]
[BlackFideId "100692"]
[WhiteElo "2231"]
[BlackElo "2476"]
[Result "1-0"]
[Round "09"]
[TimeControl "180+1"]
[Date "2022.05.11"]
[WhiteClock "0:00:12"]
[BlackClock "0:00:16"]

1. e4 c5 2. Nf3 Nc6 3. d4 cxd4 4. Nxd4 e5 5. Nb5 a6 6. Nd6+ Bxd6 7. Qxd6 Qe7 8. Qd2 Nf6 9. Nc3 d6 10. b3 O-O 11. Bb2 Be6 12. O-O-O Rfd8 13. f4 d5 14. exd5 Nxd5 15. Nxd5 Rxd5 16. Bd3 Bf5 17. Qe3 Bxd3 18. Rxd3 Rxd3 19. Qxd3 Rc8 20. Qf5 Re8 21. Re1 e4 22. Re3 f6 23. g4 Qe6 24. Qxe6+ Rxe6 25. Kd2 Kf7 26. Rc3 Rd6+ 27. Ke3 Rd1 28. Kxe4 Rd2 29. h3 Re2+ 30. Kd3 Rh2 31. Kc4 Ke6 32. Kc5 Kd7 33. Kb6 Kc8 34. g5 Rg2 35. gxf6 gxf6 36. a3 Rf2 37. Rg3 Rxc2 38. Bxf6 Kd7 39. Kxb7 Na5+ 40. Kxa6 Rc6+ 41. Kxa5 Rxf6 42. Rg7+ Kc6 43. Rxh7 Rxf4 44. b4 1-0


[Site "https://www.chess.com"]

[Event "Titled Tuesday Blitz May 10 Early 2022"]
[White "Al-Tarboush, Ward"]
[Black "Ismayil, Malak"]
[WhiteFideId "7601450"]
[BlackFideId "13412604"]
[WhiteElo "2294"]
[BlackElo "1879"]
[Result "1-0"]
[Round "09"]
[TimeControl "180+1"]
[Date "2022.05.11"]
[WhiteClock "0:02:08"]
[BlackClock "0:00:06"]

1. e4 e5 2. Nf3 Nc6 3. Bb5 a6 4. Ba4 Nf6 5. O-O b5 6. Bb3 Bc5 7. a4 Rb8 8. axb5 axb5 9. c3 O-O 10. d4 exd4 11. cxd4 Be7 12. e5 Ne8 13. d5 Nb4 14. Nc3 d6 15. e6 fxe6 16. dxe6 Kh8 17. Be3 Nf6 18. Ng5 c5 19. Nf7+ Rxf7 20. exf7 c4 21. Bc2 Be6 22. Ra7 Bxf7 23. Bb1 Nc6 24. Ra6 Qc8 25. Rb6 Rxb6 26. Bxb6 Ne5 27. Bd4 b4 28. Ne4 Nxe4 29. Bxe4 h6 30. Qd2 d5 31. Bxe5 1-0


[Site "https://www.chess.com"]

[Event "Titled Tuesday Blitz May 10 Early 2022"]
[White "Ambartsumova, Karina"]
[Black "Melikhov, Evgeny V."]
[WhiteFideId "4166299"]
[BlackFideId "4122046"]
[WhiteElo "2262"]
[BlackElo "1931"]
[Result "1-0"]
[Round "09"]
[TimeControl "180+1"]
[Date "2022.05.11"]
[WhiteClock "0:00:18"]
[BlackClock "0:00:32"]

1. d4 Nf6 2. Nf3 d5 3. c4 e6 4. Nc3 Bb4 5. Qa4+ Nc6 6. e3 dxc4 7. Bxc4 O-O 8. O-O Bd6 9. Qc2 e5 10. d5 Ne7 11. e4 Ng6 12. g3 a6 13. Re1 h6 14. Bf1 Nh7 15. Bd3 Ng5 16. Nxg5 hxg5 17. Qd2 f6 18. Qe2 Kf7 19. Be3 Rh8 20. Rac1 Qd7 21. f3 Qh3 22. Qg2 Qh5 23. Na4 Bh3 24. Qf2 Nf4 25. gxf4 gxf4 26. Bc5 g5 27. Bxd6 cxd6 28. Rc7+ Kg6 29. Bf1 g4 30. Bxh3 Qxh3 31. Qg2 Qxg2+ 32. Kxg2 gxf3+ 33. Kxf3 Rh3+ 34. Kg2 Rah8 35. Rg1 f5 36. Nc3 Rxh2+ 37. Kf1+ Kf6 38. exf5 Kxf5 39. Rf7# 1-0


[Site "https://www.chess.com"]

[Event "Titled Tuesday Blitz May 10 Early 2022"]
[White "Arias, Juan Cruz"]
[Black "Rustemov, Alexander"]
[WhiteFideId "118540"]
[BlackFideId "4119002"]
[WhiteElo "2602"]
[BlackElo "2713"]
[Result "0-1"]
[Round "09"]
[TimeControl "180+1"]
[Date "2022.05.11"]
[WhiteClock "0:00:06"]
[BlackClock "0:00:04"]

1. e4 e6 2. d4 d5 3. Nd2 dxe4 4. Nxe4 Bd7 5. Nf3 Bc6 6. Ng3 Nd7 7. Bd3 Ngf6 8. O-O Be7 9. c4 O-O 10. Re1 Bb4 11. Bd2 Bxf3 12. gxf3 Bxd2 13. Qxd2 c6 14. Kh1 Re8 15. Rg1 g6 16. h4 Qe7 17. h5 Kh8 18. hxg6 fxg6 19. Rae1 Qf7 20. Kg2 e5 21. Rh1 exd4 22. Rxe8+ Rxe8 23. f4 Nc5 24. b4 Nxd3 25. Qxd3 Rd8 26. Re1 b6 27. Re5 Rd7 28. a4 Kg7 29. a5 Ng4 30. Rg5 Nh6 31. f5 Qe7 32. Nh5+ Kf8 33. f6 Qe6 34. Qg3 Nf5 35. Qb8+ Qe8 36. Qf4 Qe6 37. Rxf5 Qxf5 38. Qh6+ Kg8 39. Ng3 Qxf6 40. a6 d3 41. Qh3 Qd6 42. Ne4 Qd4 43. Nf6+ Kg7 44. Nxd7 d2 45. Qe6 d1=Q 46. Ne5 Qd6 47. Qf7+ Kh6 48. Ng4+ Qxg4+ 0-1


[Site "https://www.chess.com"]

[Event "Titled Tuesday Blitz May 10 Early 2022"]
[White "Babazada, Khazar"]
[Black "Gharibyan, Mamikon"]
[WhiteFideId "13413554"]
[BlackFideId "13308300"]
[WhiteElo "2406"]
[BlackElo "2254"]
[Result "1-0"]
[Round "09"]
[TimeControl "180+1"]
[Date "2022.05.10"]
[WhiteClock "0:00:46"]
[BlackClock "0:00:03"]

1. Nf3 d5 2. g3 g6 3. c4 dxc4 4. Qa4+ Nc6 5. Qxc4 Bg7 6. Bg2 e5 7. O-O Nge7 8. Nc3 O-O 9. d3 Be6 10. Qa4 h6 11. Bd2 Nf5 12. Rac1 Re8 13. Ne4 Ncd4 14. Nxd4 Nxd4 15. Rfe1 Bg4 16. Kf1 Bd7 17. Qd1 Bc6 18. Bc3 f5 19. Nd2 Bxg2+ 20. Kxg2 Kh7 21. Bxd4 Qd5+ 22. e4 Qxd4 23. Rxc7 Qxd3 24. Re3 Qd6 25. Qc2 Rad8 26. exf5 Qxd2 27. Qxd2 Rxd2 28. f6 Rf8 29. Rxg7+ Kh8 30. Rxg6 Kh7 31. Rg7+ Kh8 32. Rxb7 Rxf6 33. Rf3 Rxf3 34. Kxf3 a5 35. a4 e4+ 36. Ke3 Rc2 37. b4 Rc4 38. bxa5 Rxa4 39. Ra7 Kg8 40. h4 Kf8 41. g4 Kg8 42. g5 hxg5 43. hxg5 Kf8 44. a6 Kg8 45. g6 Kf8 46. Kf4 Kg8 47. Kg5 Ra2 48. Kh6 Rxf2 49. Ra8+ Rf8 50. Rxf8+ Kxf8 51. a7 Kg8 52. a8=Q# 1-0


[Site "https://www.chess.com"]

[Event "Titled Tuesday Blitz May 10 Early 2022"]
[White "Bach, Ngoc Thuy Duong"]
[Black "Johnson, Ben"]
[WhiteFideId "12408956"]
[BlackFideId "2010917"]
[WhiteElo "1862"]
[BlackElo "2234"]
[Result "1-0"]
[Round "09"]
[TimeControl "180+1"]
[Date "2022.05.11"]
[WhiteClock "0:00:16"]
[BlackClock "0:00:03"]

1. d4 Nf6 2. c4 e6 3. Nc3 Bb4 4. Qc2 O-O 5. a3 Bxc3+ 6. Qxc3 d5 7. Bg5 dxc4 8. Qxc4 b6 9. Rd1 Ba6 10. Qa4 h6 11. Bh4 Qe7 12. Nf3 Rd8 13. Qc2 c5 14. e4 Bxf1 15. Rxf1 g5 16. Bg3 Nc6 17. dxc5 Rxd1+ 18. Kxd1 Rd8+ 19. Kc1 Nd4 20. Nxd4 Rxd4 21. Bd6 Qd7 22. Be5 Nxe4 23. Bxd4 Qxd4 24. c6 Nc5 25. Rd1 Qf4+ 26. Kb1 a5 27. b4 axb4 28. c7 Qxc7 29. axb4 Na6 30. Qxc7 Nxc7 31. Kc2 Nd5 32. Kb3 Kf8 33. Kc4 Ke7 34. Rxd5 exd5+ 35. Kxd5 f5 36. Ke5 Kd7 37. Kxf5 Kc6 38. Kg6 Kb5 39. Kxh6 Kxb4 40. Kxg5 Kc4 41. h4 b5 42. h5 b4 43. h6 b3 44. h7 b2 45. h8=Q b1=Q 46. Qc8+ Kd4 47. Qg4+ Ke5 48. Qf4+ Ke6 49. Qf6+ Kd7 50. Qf5+ Kd6 51. Qxb1 1-0


[Site "https://www.chess.com"]

[Event "Titled Tuesday Blitz May 10 Early 2022"]
[White "Baches Garcia, Guillermo"]
[Black "Vignesh, N R"]
[WhiteFideId "2209764"]
[BlackFideId "25012215"]
[WhiteElo "2536"]
[BlackElo "2363"]
[Result "0-1"]
[Round "09"]
[TimeControl "180+1"]
[Date "2022.05.11"]
[WhiteClock "0:00:01"]
[BlackClock "0:00:17"]

1. e4 e6 2. d4 d5 3. exd5 exd5 4. Nf3 Bd6 5. c4 dxc4 6. Bxc4 Nf6 7. O-O O-O 8. Nc3 h6 9. Qd3 Bg4 10. Ne5 Nc6 11. Nxg4 Nxg4 12. h3 Qh4 13. Ne4 Nf6 14. Nxd6 cxd6 15. Be3 a6 16. Bb3 Rac8 17. Rac1 Nb4 18. Qf5 Nc6 19. g3 Qe4 20. Bc2 Qxf5 21. Bxf5 Rcd8 22. Rfd1 Nd5 23. Be4 Nce7 24. Rc2 f5 25. Bg2 Rc8 26. Rdc1 Rxc2 27. Rxc2 Kf7 28. Kf1 Ke6 29. h4 b5 30. a3 f4 31. gxf4 Nxf4 32. Bb7 Ned5 33. Bxa6 Ng6 34. Ke2 b4 35. a4 Nxh4 36. Bc8+ Ke7 37. a5 Nc3+ 38. bxc3 Rxc8 39. Kd2 Nf3+ 40. Kc1 bxc3 41. a6 Ra8 42. Ra2 Ke6 43. d5+ Kxd5 44. a7 Nd4 45. Ra6 Nb5 46. Kc2 Kc4 47. Rc6+ Kb4 48. Rb6 d5 49. Rb7 d4 0-1


[Site "https://www.chess.com"]

[Event "Titled Tuesday Blitz May 10 Early 2022"]
[White "Bachmann, Axel"]
[Black "Yilmaz, Mustafa"]
[WhiteFideId "3700488"]
[BlackFideId "6302718"]
[WhiteElo "2587"]
[BlackElo "2568"]
[Result "1-0"]
[Round "09"]
[TimeControl "180+1"]
[Date "2022.05.10"]
[WhiteClock "0:00:05"]
[BlackClock "0:00:06"]

1. e4 c5 2. Nf3 d6 3. Bc4 Nf6 4. d3 g6 5. c3 Bg7 6. O-O O-O 7. Nbd2 Nc6 8. Bb3 Rb8 9. h3 b5 10. d4 e5 11. dxe5 dxe5 12. Qe2 c4 13. Bc2 h6 14. Rd1 Qc7 15. Nf1 Be6 16. Ne3 Rfd8 17. Nh2 Rxd1+ 18. Qxd1 Rd8 19. Qf3 h5 20. Nef1 Nd7 21. Bg5 Rb8 22. Ne3 Nc5 23. Nd5 Bxd5 24. exd5 Ne7 25. Rd1 Nc8 26. g4 hxg4 27. Nxg4 f5 28. Nf6+ Bxf6 29. Bxf6 Rb6 30. Bg5 e4 31. Qe3 Nd3 32. Qd4 Nd6 33. h4 Nf7 34. Be3 Ra6 35. b3 Rxa2 36. Bb1 Ra6 37. bxc4 Qxc4 38. Bxd3 Qxd4 39. Bxd4 exd3 40. Rxd3 Nd6 41. Bc5 Ne4 42. Bb4 Nd6 43. Re3 Kf7 44. Re6 Ra1+ 45. Kg2 Nc4 46. Re7+ Kf6 47. d6 a5 48. d7 Rd1 49. Bc5 Ne5 50. Rxe5 Rxd7 51. Bd4 b4 52. Rxa5+ Ke6 53. Ra6+ Kd5 54. Rxg6 Kc4 55. cxb4 Kxd4 56. h5 Ke5 57. b5 Rb7 58. b6 Rh7 59. h6 Kf4 60. Kh3 Rd7 61. Kh4 Rd1 62. Kh3 Rh1+ 63. Kg2 Rd1 64. h7 Rd8 65. Rg8 1-0


[Site "https://www.chess.com"]

[Event "Titled Tuesday Blitz May 10 Early 2022"]
[White "Bai, Adelard"]
[Black "Heinemann, Josefine"]
[WhiteFideId "16301188"]
[BlackFideId "12900460"]
[WhiteElo "2120"]
[BlackElo "2300"]
[Result "1-0"]
[Round "09"]
[TimeControl "180+1"]
[Date "2022.05.11"]
[WhiteClock "0:00:07"]
[BlackClock "0:00:02"]

1. d4 d5 2. c4 c6 3. cxd5 cxd5 4. Bf4 Nc6 5. e3 Nf6 6. Nc3 Bf5 7. Qb3 Na5 8. Qa4+ Bd7 9. Qc2 e6 10. Bd3 Be7 11. Nf3 O-O 12. O-O Rc8 13. Ne5 Nc6 14. Nxd7 Qxd7 15. Qe2 a6 16. Rfc1 Nb4 17. Bb1 b5 18. h3 h6 19. Qd2 Bd6 20. Bxd6 Qxd6 21. a4 Qb6 22. axb5 axb5 23. Bd3 Nxd3 24. Qxd3 b4 25. Na4 Qd6 26. Nc5 Nd7 27. Qb5 Nxc5 28. Rxc5 Rb8 29. Qd3 Ra8 30. Rac1 g6 31. g3 h5 32. h4 Qa6 33. Qd2 b3 34. Qc3 Rfb8 35. Rc7 Qe2 36. Re1 Qf3 37. Rc1 Ra2 38. Rb1 Raa8 39. Qd2 Kg7 40. Rbc1 Ra2 41. R7c3 Qf5 42. Rd3 Ra7 43. Rcc3 Rab7 44. Qd1 Qg4 45. Qxg4 hxg4 46. Kf1 f5 47. Ke2 g5 48. hxg5 Kg6 49. Rc6 Rb6 50. Rdc3 Kxg5 51. Kd3 Kf6 52. Rxb6 Rxb6 53. Rc8 e5 54. Rf8+ Ke7 55. Rxf5 e4+ 56. Kc3 Ke6 57. Re5+ Kd6 58. Rg5 Rb8 59. Rg6+ Kd7 60. Rxg4 Rf8 61. Rf4 Rb8 62. Rf5 Ke6 63. Re5+ Kd6 64. g4 Rg8 65. Kxb3 Rxg4 66. Rf5 Rg1 67. Kb4 Rb1 68. b3 Rb2 69. Rf6+ Ke7 70. Rf4 Kd6 71. Ka4 Ra2+ 72. Kb5 Rb2 73. b4 Rb1 74. Rf6+ Ke7 75. Rf4 Kd6 76. Ka5 Ra1+ 77. Kb6 Rb1 78. b5 Rb2 79. Rf6+ Ke7 80. Rf5 Kd6 81. Ka6 Ra2+ 82. Kb7 Rb2 83. b6 Rb1 84. Rf6+ Kd7 85. Rf5 Kd6 86. Ka7 Ra1+ 87. Kb8 Kc6 88. b7 Rb1 89. Rf6+ Kd7 90. Rf7+ Kc6 91. Rc7+ Kd6 92. Kc8 Rh1 93. b8=Q 1-0


[Site "https://www.chess.com"]

[Event "Titled Tuesday Blitz May 10 Early 2022"]
[White "Bas Mas, Jose Joaquin"]
[Black "parintele_chess"]
[WhiteFideId "22219064"]
[WhiteElo "2233"]
[BlackElo "2226"]
[Result "1-0"]
[Round "09"]
[TimeControl "180+1"]
[Date "2022.05.11"]
[WhiteClock "0:00:39"]
[BlackClock "0:00:04"]

1. e4 c6 2. Nc3 d5 3. Qf3 d4 4. Bc4 Nf6 5. e5 dxc3 6. exf6 cxd2+ 7. Bxd2 gxf6 8. O-O-O e6 9. Bc3 Bh6+ 10. Kb1 Nd7 11. Qh5 Bg7 12. Bxe6 Qe7 13. Bb3 Ne5 14. h3 Be6 15. f4 Bxb3 16. axb3 Rd8 17. fxe5 Rxd1+ 18. Qxd1 fxe5 19. Ne2 f5 20. Ng3 O-O 21. Rf1 Qg5 22. Qf3 e4 23. Qf4 Qxf4 24. Rxf4 Bh6 25. Rxf5 e3 26. Rxf8+ Kxf8 27. Nf5 Bf4 28. g3 Bc7 29. Kc1 e2 30. Kd2 e1=Q+ 31. Kxe1 1-0


[Site "https://www.chess.com"]

[Event "Titled Tuesday Blitz May 10 Early 2022"]
[White "Belenkaya, Dina"]
[Black "Marin Ramirez, Gerardo"]
[WhiteFideId "24142654"]
[BlackFideId "3901068"]
[WhiteElo "2196"]
[BlackElo "1920"]
[Result "1-0"]
[Round "09"]
[TimeControl "180+1"]
[Date "2022.05.11"]
[WhiteClock "0:00:23"]
[BlackClock "0:00:23"]

1. e4 c5 2. Nc3 e6 3. Nf3 a6 4. g3 b5 5. Bg2 Bb7 6. d4 cxd4 7. Nxd4 Qc7 8. O-O Nc6 9. Re1 d6 10. Nd5 exd5 11. exd5+ Nce7 12. Nf5 O-O-O 13. Bh3 Nxf5 14. Bxf5+ Kb8 15. Be3 Ne7 16. Be4 Qc4 17. Bb6 Rc8 18. b3 Qc3 19. Bd4 Qc7 20. c4 bxc4 21. bxc4 Qxc4 22. Rb1 Ka8 23. Re3 Nxd5 24. Reb3 Rc7 25. Qf3 f5 26. Rxb7 Rxb7 27. Bxd5 Qxd4 28. Rxb7 Qe5 29. Re7+ Kb8 30. Qb3+ Kc8 31. Qb7+ Kd8 32. Qd7# 1-0


[Site "https://www.chess.com"]

[Event "Titled Tuesday Blitz May 10 Early 2022"]
[White "Bettalli, Francesco"]
[Black "Jian, Alex"]
[WhiteFideId "2816453"]
[BlackFideId "30901022"]
[WhiteElo "2216"]
[BlackElo "2111"]
[Result "1-0"]
[Round "09"]
[TimeControl "180+1"]
[Date "2022.05.11"]
[WhiteClock "0:00:44"]
[BlackClock "0:00:01"]

1. d4 Nf6 2. Nc3 d5 3. Bf4 a6 4. e3 e6 5. a3 c5 6. Nf3 Nc6 7. dxc5 Bxc5 8. Bd3 O-O 9. O-O Qe7 10. Ne5 Nxe5 11. Bxe5 Nd7 12. Bg3 Bd6 13. Bxd6 Qxd6 14. e4 d4 15. Ne2 Ne5 16. h3 b5 17. f4 Nxd3 18. Qxd3 Bb7 19. Rad1 Rfd8 20. f5 Qe5 21. Ng3 Rac8 22. Rf2 h5 23. h4 Rc5 24. Rdf1 Rdc8 25. Qf3 exf5 26. Nxf5 Bxe4 27. Qxh5 Bxf5 28. Rxf5 Qe3+ 29. Kh1 Rxf5 30. Qxf5 Qe6 31. Qf2 Qe3 32. Qxf7+ Kh8 33. Qh5+ Kg8 34. Qd5+ Kh8 35. Qf5 Re8 36. Kh2 Qe2 37. Rf2 Qe3 38. Rf3 Qe2 39. Rg3 Qe1 40. h5 Qe7 41. h6 gxh6 42. Rh3 Qg7 43. Qf4 Re6 44. Rg3 Qh7 45. Qf8+ 1-0


[Site "https://www.chess.com"]

[Event "Titled Tuesday Blitz May 10 Early 2022"]
[White "Bifulco, Michel"]
[Black "Van den Dikkenberg, Erik"]
[WhiteFideId "828580"]
[BlackFideId "1005880"]
[WhiteElo "2165"]
[BlackElo "2118"]
[Result "0-1"]
[Round "09"]
[TimeControl "180+1"]
[Date "2022.05.11"]
[WhiteClock "0:00:02"]
[BlackClock "0:00:07"]

1. d4 Nf6 2. Nc3 g6 3. e4 d6 4. Be3 c6 5. Qd2 b5 6. f3 a5 7. Nge2 b4 8. Nd1 Nbd7 9. g4 Ba6 10. h4 h5 11. g5 Ng8 12. Bh3 Bg7 13. f4 e6 14. f5 exf5 15. exf5 gxf5 16. Bxf5 Ne7 17. Bd3 Bxd3 18. Qxd3 O-O 19. Ng3 Nd5 20. Nxh5 Re8 21. Nxg7 Kxg7 22. c4 Nf4 23. Qf1 Ne6 24. Kd2 d5 25. c5 a4 26. Nf2 Qa5 27. b3 axb3 28. axb3 Qc7 29. Ng4 Rxa1 30. Qxa1 Qg3 31. Rg1 Qxh4 32. Qf1 Ra8 33. Nh6 Ra2+ 34. Kd1 Ra1+ 35. Ke2 Qh2+ 36. Qf2 Ra2+ 37. Ke1 Rxf2 38. Bxf2 Kg6 39. Rf1 Qf4 40. Ke2 Qxg5 41. Be3 Qxh6 42. Bxh6 Nxd4+ 43. Kd3 Nxb3 44. Bd2 Ndxc5+ 45. Kc2 Nxd2 46. Kxd2 f5 47. Kc2 b3+ 48. Kb2 Kf6 49. Rf3 Ke5 50. Rc3 Kd4 51. Rh3 Ne4 52. Kxb3 c5 53. Rh4 c4+ 54. Kc2 Ke3 55. Rh3+ Kd4 56. Rh4 Ke5 57. Rh2 d4 58. Rh8 d3+ 59. Kd1 Kd4 60. Ra8 Ke3 61. Rf8 c3 62. Rxf5 c2+ 63. Kc1 Nc3 64. Re5+ Kd4 65. Ra5 Ne2+ 66. Kd2 c1=Q# 0-1


[Site "https://www.chess.com"]

[Event "Titled Tuesday Blitz May 10 Early 2022"]
[White "Bintang, Rasyid A. Hidayat"]
[Black "Vifleemskaia, Svetlana"]
[WhiteFideId "7105355"]
[BlackFideId "4129490"]
[WhiteElo "2456"]
[BlackElo "1929"]
[Result "1-0"]
[Round "09"]
[TimeControl "180+1"]
[Date "2022.05.11"]
[WhiteClock "0:00:22"]
[BlackClock "0:00:03"]

1. d4 Nf6 2. Bf4 d5 3. e3 c5 4. Nf3 Nc6 5. Nc3 a6 6. dxc5 Qa5 7. Be2 Qxc5 8. O-O e6 9. Nd4 Be7 10. Na4 Qa7 11. Nxc6 bxc6 12. c4 c5 13. Rc1 Bd7 14. Bf3 Rc8 15. cxd5 exd5 16. Be5 O-O 17. Nc3 Bb5 18. Re1 Rfd8 19. Bxf6 Bxf6 20. Bxd5 Bc4 21. e4 Bxc3 22. Rxc3 Bxa2 23. b3 c4 24. bxc4 Bxc4 25. Qc2 Rd6 26. Rxc4 Re8 27. Rc7 Qb8 28. Bxf7+ Kh8 29. Bxe8 Qb4 30. Rf1 Rd2 31. Qc3 Qxc3 32. Rxc3 h5 33. Bg6 1-0


[Site "https://www.chess.com"]

[Event "Titled Tuesday Blitz May 10 Early 2022"]
[White "Bluebaum, Matthias"]
[Black "Kazakouski, Valery"]
[WhiteFideId "24651516"]
[BlackFideId "13507443"]
[WhiteElo "2556"]
[BlackElo "2524"]
[Result "0-1"]
[Round "09"]
[TimeControl "180+1"]
[Date "2022.05.10"]
[WhiteClock "0:00:01"]
[BlackClock "0:00:13"]

1. d4 Nf6 2. c4 e6 3. Nc3 Bb4 4. e3 b6 5. Bd3 Bb7 6. Nf3 Be4 7. Be2 Bxc3+ 8. bxc3 O-O 9. O-O Nc6 10. Nd2 Bg6 11. f3 d5 12. Re1 Re8 13. cxd5 Nxd5 14. Qa4 Na5 15. Ne4 Bxe4 16. fxe4 Nxc3 17. Qc2 Nxe2+ 18. Qxe2 Qh4 19. e5 c5 20. Bb2 cxd4 21. exd4 Rac8 22. Rad1 Red8 23. Rd3 Nc6 24. Rh3 Qe7 25. Qh5 h6 26. Bc1 Qb4 27. Rf1 Rd7 28. Bxh6 g6 29. Rg3 Qxd4+ 30. Kh1 Qxe5 31. Rg5 Qe4 32. Rg4 Qd3 33. Rg1 Rd4 34. Rg5 Kh7 0-1


[Site "https://www.chess.com"]

[Event "Titled Tuesday Blitz May 10 Early 2022"]
[White "Bok, Benjamin"]
[Black "Sjugirov, Sanan"]
[WhiteFideId "1017063"]
[BlackFideId "4189302"]
[WhiteElo "2658"]
[BlackElo "2602"]
[Result "0-1"]
[Round "09"]
[TimeControl "180+1"]
[Date "2022.05.10"]
[WhiteClock "0:00:02"]
[BlackClock "0:00:06"]

1. d4 Nf6 2. c4 e6 3. Nc3 d5 4. cxd5 exd5 5. Bg5 c6 6. e3 h6 7. Bh4 Be7 8. Bd3 O-O 9. Nge2 Nbd7 10. O-O Re8 11. a4 b6 12. f3 Bb7 13. e4 dxe4 14. fxe4 Ng4 15. Bxe7 Qxe7 16. Rf4 Qg5 17. Qf1 c5 18. Bb5 Re7 19. Qf3 Ngf6 20. Rf5 Qg6 21. d5 Re5 22. Nf4 Rxf5 23. exf5 Qxf5 24. Re1 Ne5 25. Qg3 a6 26. Bf1 Re8 27. d6 Bc6 28. Bxa6 Qd7 0-1


[Site "https://www.chess.com"]

[Event "Titled Tuesday Blitz May 10 Early 2022"]
[White "Bommini, Mounika Akshaya"]
[Black "Rahman, Adel"]
[WhiteFideId "25019872"]
[BlackFideId "14204177"]
[WhiteElo "1671"]
[BlackElo "2175"]
[Result "1-0"]
[Round "09"]
[TimeControl "180+1"]
[Date "2022.05.11"]
[WhiteClock "0:00:54"]
[BlackClock "0:00:30"]

1. d4 Nf6 2. c4 g6 3. Nc3 Bg7 4. e4 d6 5. f4 c5 6. d5 O-O 7. Nf3 e6 8. dxe6 fxe6 9. Bd3 Nc6 10. O-O b6 11. Qe1 Bb7 12. f5 exf5 13. exf5 Ne7 14. Ng5 Qd7 15. Ne6 Rfe8 16. Nxg7 Kxg7 17. Qh4 Neg8 18. fxg6 hxg6 19. Rxf6 Nxf6 20. Bh6+ Kf7 21. Rf1 Re6 22. Bg5 Rf8 23. Bxf6 Qc6 24. Qh7+ Ke8 25. Bxg6+ 1-0


[Site "https://www.chess.com"]